[Event "Late-Titled-Tuesday-Blitz-March-19-2024"]
[Site "Chess.com"]
[Date "2024.03.19"]
[Round "1"]
[White "atbenina64"]
[Black "picturesquecheck"]
[Result "1-0"]
[WhiteElo "2732"]
[BlackElo "2414"]
[TimeControl "180+1"]
[EndTime "14:04:54 PDT"]
[Termination "atbenina64 won by checkmate"]

1. c4 Nf6 2. Nc3 g6 3. e4 d6 4. d4 Bg7 5. Be2 O-O 6. Be3 e5 7. d5 a5 8. g4 Na6 9. h4 c6 10. f3 cxd5 11. cxd5 Nd7 12. Qd2 Ndc5 13. h5 a4 14. Nh3 f5 15. hxg6 hxg6 16. gxf5 gxf5 17. exf5 Bxf5 18. Bh6 Rf7 19. Bxg7 Rxg7 20. Nf2 Nb4 21. Nce4 Bxe4 22. Nxe4 Nxe4 23. fxe4 Qa5 24. Kd1 a3 25.
Qh6 Qa7 26. Qh8+ Kf7 27. Rf1+ Kg6 28. Qh5# 1-0

[Event "Late-Titled-Tuesday-Blitz-March-19-2024"]
[Site "Chess.com"]
[Date "2024.03.19"]
[Round "1"]
[White "Eltaj_Safarli"]
[Black "ritanovikova"]
[Result "1-0"]
[WhiteElo "2609"]
[BlackElo "2220"]
[TimeControl "180+1"]
[EndTime "14:04:54 PDT"]
[Termination "Eltaj_Safarli won by resignation"]

1. e4 e5 2. Nf3 Nc6 3. Bb5 a6 4. Ba4 Nf6 5. Nc3 b5 6. Bb3 d6 7.
a4 b4 8. Nd5 Bg4 9. c3 a5 10.
d4 Be7 11. h3 Bh5 12. Nxf6+ Bxf6 13. Bd5 Qd7 14. dxe5 dxe5 15. g4 Bg6 16. Be3 O-O 17.
h4 Qxg4 18. Rg1 Qd7 19. Ng5 Rad8 20. h5 Bxh5 21. Qxh5 Bxg5 22. Rxg5 g6 23. Rxg6+ 1-0

[Event "Late-Titled-Tuesday-Blitz-March-19-2024"]
[Site "Chess.com"]
[Date "2024.03.19"]
[Round "1"]
[White "Boundless_Strike"]
[Black "Heinza9"]
[Result "0-1"]
[WhiteElo "2632"]
[BlackElo "2326"]
[TimeControl "180+1"]
[EndTime "14:04:55 PDT"]
[Termination "Heinza9 won by resignation"]

1. d4 e6 2. e4 d5 3. Be3 dxe4 4. f3 exf3 5. Nxf3 Nf6 6. Bd3 b6 7.
O-O Bb7 8. Nbd2 Nbd7 9. Qe1 c5 10.
Qh4 Be7 11. Bg5 h6 12. Rae1 Nd5 13. Bxe7 Qxe7 14. Qg3 O-O 15. c4 Nb4 16. Bb1 cxd4 17.
a3 Nc6 18. b4 d3 19. Bxd3 a5 20. Ne4 axb4 21. Nd6 Nc5 22. Bb1 bxa3 23. Nh4 a2 24. Be4 Nxe4 25. Nxe4 Kh8 26. Nf6 gxf6 27. Nf5 Qc5+ 28.
Kh1 exf5 29. h3 Ne5 30. Kh2 Rg8 31. Qh4 Rxg2+ 32. Kh1 Rg4+ 0-1

[Event "Late-Titled-Tuesday-Blitz-March-19-2024"]
[Site "Chess.com"]
[Date "2024.03.19"]
[Round "1"]
[White "djano"]
[Black "Viktor_Poddubnyi"]
[Result "1-0"]
[WhiteElo "2633"]
[BlackElo "2279"]
[TimeControl "180+1"]
[EndTime "14:04:55 PDT"]
[Termination "djano won on time"]

1. e4 g6 2. Nc3 Bg7 3. Bc4 e6 4. d3 Ne7 5. Bb3 d5 6. h4 h6 7. h5 g5 8. f4 gxf4 9. Bxf4 Bxc3+ 10. bxc3 dxe4 11. Qd2 Nf5 12. g4 Nd6 13. Bxh6 Nc6 14. Bg7 Rh7 15. h6 Bd7 16. dxe4 Qe7 17. e5 Ne4 18.
Qd3 Ng5 19. Nh3 Nxh3 20. Bf6 1-0

[Event "Late-Titled-Tuesday-Blitz-March-19-2024"]
[Site "Chess.com"]
[Date "2024.03.19"]
[Round "1"]
[White "ContrVersia"]
[Black "bipe137"]
[Result "1-0"]
[WhiteElo "2918"]
[BlackElo "2522"]
[TimeControl "180+1"]
[EndTime "14:04:58 PDT"]
[Termination "ContrVersia won by resignation"]

1. Nf3 d5 2. c4 e6 3. g3 Nf6 4. Bg2 Be7 5. O-O O-O 6. b3 a5 7. Nc3 b6 8. Bb2 Bb7 9. Qc2 Nbd7 10.
cxd5 exd5 11. Nh4 Re8 12. Nf5 Bf8 13. Rac1 c6 14. d3 Rc8 15. e4 g6 16. Nd4 c5 17.
Ndb5 d4 18. Ne2 Bc6 19. a4 h5 20. h3 Bh6 21. f4 Bg7 22. Rce1 Bxb5 23. axb5 Nf8 24.
Qc4 Qd7 25. e5 N6h7 26. Bc1 Ne6 27. f5 Nef8 28. fxg6 Nxg6 29. Rxf7 Qxf7 30. Bd5 Qxd5 31.
Qxd5+ Kh8 32. Nf4 Nxe5 33. Rxe5 1-0

[Event "Late-Titled-Tuesday-Blitz-March-19-2024"]
[Site "Chess.com"]
[Date "2024.03.19"]
[Round "1"]
[White "bitter-cikolata"]
[Black "HamedWafa4"]
[Result "1-0"]
[WhiteElo "2509"]
[BlackElo "2821"]
[TimeControl "180+1"]
[EndTime "14:04:58 PDT"]
[Termination "bitter-cikolata won by resignation"]

1. e4 e5 2. Nf3 Nc6 3. Nc3 Nf6 4. a3 Bc5 5. Nxe5 O-O 6. Nxc6 dxc6 7. Be2 Qd4 8. O-O Nxe4 9. Nxe4 Qxe4 10. Bf3 Qg6 11.
d4 Bd6 12. c3 Bf5 13. Be3 Rfe8 14. Qd2 h6 15. Rfe1 a5 16. Bf4 a4 17. Bg3 Be6 18.
Re3 Be7 19. Be4 f5 20. Bd3 Bg5 21. f4 Bf6 22. Rae1 Bf7 23. Qc2 Rxe3 24. Rxe3 Bb3 25.
Qb1 Re8 26. Bxf5 Qxf5 27. Rxe8+ 1-0

[Event "Late-Titled-Tuesday-Blitz-March-19-2024"]
[Site "Chess.com"]
[Date "2024.03.19"]
[Round "1"]
[White "ShuiFeng90"]
[Black "Julianos82"]
[Result "1-0"]
[WhiteElo "2716"]
[BlackElo "2400"]
[TimeControl "180+1"]
[EndTime "14:05:00 PDT"]
[Termination "ShuiFeng90 won by resignation"]

1. Nf3 d5 2. g3 c6 3. Bg2 Bg4 4.
O-O Nd7 5. h3 Bh5 6. d3 e6 7. e4 Bc5 8. Qe1 Ne7 9. b4 Bb6 10.
Bb2 O-O 11. Nbd2 a5 12. a3 axb4 13. axb4 Rxa1 14. Qxa1 f6 15. Nb3 Qa8 16. Qe1 Qa2 17. Qc3 Qa7 18. Nfd4 Bf7 19. Ra1 Qb8 20. Nc5 Bxc5 21.
bxc5 e5 22. Nb3 b5 23. cxb6 Qxb6 24. Ba3 Re8 25. Nc5 Nxc5 26. Bxc5 Qb8 27. h4 d4 28. Qa3 Ng6 29. Bh3 h5 30. Bd6 Qb7 31. Kh2 Be6 32. Bxe6+ Rxe6 33. Qa8+ Qxa8 34. Rxa8+ Kh7 35.
Bc5 Ne7 36. Re8 1-0

[Event "Late-Titled-Tuesday-Blitz-March-19-2024"]
[Site "Chess.com"]
[Date "2024.03.19"]
[Round "1"]
[White "TigrVShlyape"]
[Black "SameerMujumdar"]
[Result "1-0"]
[WhiteElo "2935"]
[BlackElo "2527"]
[TimeControl "180+1"]
[EndTime "14:05:01 PDT"]
[Termination "TigrVShlyape won by resignation"]

1. e4 c6 2. d3 d5 3. Nf3 dxe4 4.
dxe4 Qxd1+ 5. Kxd1 Nf6 6. Nfd2 h5 7. Nc3 g5 8. f3 g4 9. f4 e6 10. e5 Nd5 11. Nde4 Nd7 12. Bd3 Nxc3+ 13. bxc3 Nc5 14. Nf6+ Kd8 15. a4 Kc7 16. a5 Be7 17. Be3 Bd7 18. Ke2 Rad8 19. Rab1 Bc8 20. Ne4 Nxe4 21. Bxe4 c5 22.
c4 Kb8 23. Rb5 a6 24. Rxc5 Bxc5 25. Bxc5 Bd7 26. Rb1 Bc8 27. Bd6+ Ka7 28. c5 h4 29.
Ke3 Rhe8 30. c6 bxc6 31. Bc5+ 1-0

[Event "Late-Titled-Tuesday-Blitz-March-19-2024"]
[Site "Chess.com"]
[Date "2024.03.19"]
[Round "1"]
[White "simaopdias"]
[Black "BabageldiAnnaberdiyev"]
[Result "0-1"]
[WhiteElo "2272"]
[BlackElo "2627"]
[TimeControl "180+1"]
[EndTime "14:05:04 PDT"]
[Termination "BabageldiAnnaberdiyev won by resignation"]

1. e4 e6 2. d4 d5 3. exd5 exd5 4. Bd3 Bd6 5. Nf3 Nc6 6. O-O Bg4 7. c3 Nge7 8. Re1 Qd7 9. h3 Bh5 10. Nbd2 f6 11. Qc2 O-O-O 12. b4 Bg6 13. a4 Bxd3 14. Qxd3 Qf5 15. Qxf5+ Nxf5 16. Nf1 h5 17. Ne3 Nce7 18. Nxf5 Nxf5 19. Bd2 Kd7 20. Re2 g5 21. Nh2 g4 22.
Nf1 gxh3 23. gxh3 Rhg8+ 24. Kh1 c6 25. Rae1 Rg7 26. Nh2 Bxh2 27. Kxh2 Nh4 28. Kh1 Nf3 29. Rd1 Rdg8 30. Ree1 Rg2 31. Bf4 Nxe1 32. Rxe1 Rxf2 33. Bh2 Rc2 0-1

[Event "Late-Titled-Tuesday-Blitz-March-19-2024"]
[Site "Chess.com"]
[Date "2024.03.19"]
[Round "1"]
[White "AntonovaNadezhda"]
[Black "Shahdad2007"]
[Result "0-1"]
[WhiteElo "2204"]
[BlackElo "2608"]
[TimeControl "180+1"]
[EndTime "14:05:06 PDT"]
[Termination "Shahdad2007 won by resignation"]

1. Nf3 Nf6 2. b3 g6 3. Bb2 Bg7 4. g3 b5 5. Bg2 Bb7 6. O-O O-O 7. Re1 c5 8. c4 a6 9. e3 Nc6 10. d4 cxd4 11. exd4 bxc4 12. d5 Na5 13. Nc3 Nxd5 14. Nxd5 Bxb2 15. Nxe7+ Kh8 16. Rb1 Bf6 17. Nd5 Bxd5 18.
Qxd5 cxb3 19. axb3 Nc6 20. Rbd1 Ra7 21. Nd2 Qb6 22.
Rb1 Qd4 23. Nc4 Qxd5 24. Bxd5 Nb4 25. Bf3 d5 26. Na5 Bc3 27. Red1 d4 28. Nc6 Nxc6 29.
Bxc6 Rc8 30. Bd5 Rd7 31. Bc4 a5 32. Bd3 Rb8 33. Bc4 Kg7 34. Rd3 Rc7 35. Bd5 Rc5 36. Bf3 a4 37. Bd1 a3 38. b4 a2 0-1

[Event "Late-Titled-Tuesday-Blitz-March-19-2024"]
[Site "Chess.com"]
[Date "2024.03.19"]
[Round "1"]
[White "Sanan_Sjugirov"]
[Black "xakevicius91"]
[Result "1-0"]
[WhiteElo "3010"]
[BlackElo "2544"]
[TimeControl "180+1"]
[EndTime "14:05:08 PDT"]
[Termination "Sanan_Sjugirov won by resignation"]

1. e4 c5 2. Nf3 e6 3. d3 Nc6 4. g3 Nf6 5. Bg2 d6 6. O-O Be7 7.
c3 O-O 8. Re1 Bd7 9. d4 cxd4 10.
cxd4 d5 11. e5 Ne4 12. Nbd2 Nxd2 13. Bxd2 Qb6 14. Bc3 a5 15. a3 Rac8 16. h4 h6 17. Bf1 Na7 18. Rc1 Bb5 19. Bh3 Bd7 20. Qd3 Nb5 21.
Bd2 Rxc1 22. Rxc1 Rc8 23. Rxc8+ Bxc8 24. Bf1 Bd7 25. Be2 Na7 26. Qc3 Nc6 27. Bd3 Be8 28.
Bc2 Na7 29. Qd3 f5 30. exf6 Bxf6 31. b4 axb4 32. Qh7+ Kf7 33. Bxb4 1-0

[Event "Late-Titled-Tuesday-Blitz-March-19-2024"]
[Site "Chess.com"]
[Date "2024.03.19"]
[Round "1"]
[White "HanSchut"]
[Black "Sanyura"]
[Result "0-1"]
[WhiteElo "2309"]
[BlackElo "2649"]
[TimeControl "180+1"]
[EndTime "14:05:09 PDT"]
[Termination "Sanyura won by resignation"]

1. e4 c5 2. Nf3 e6 3. c4 Nc6 4. Nc3 Nf6 5. Be2 Be7 6. d4 cxd4 7. Nxd4 O-O 8. Be3 Qa5 9. O-O d6 10. Qd2 Bd7 11. f3 Rac8 12. Nxc6 Bxc6 13. Nd5 Qd8 14. Nxe7+ Qxe7 15. Bxa7 d5 16. cxd5 exd5 17. Rac1 dxe4 18. Bc5 Qd8 19. Qg5 Re8 20. Rcd1 Qa5 21. b4 Qxa2 22. Bd4 h6 23. Qg3 Nh5 24. Qf2 e3 25. Bxe3 Qe6 26. f4 Nf6 27. Rd3 Bb5 28. Ra3 Rc2 29. Re1 Bxe2 30. Rxe2 Rxe2 31. Qxe2 Ng4 32. f5 Qe4 33. f6 Nxe3 34. fxg7 Qb1+ 35. Kf2 Nd1+ 0-1

[Event "Late-Titled-Tuesday-Blitz-March-19-2024"]
[Site "Chess.com"]
[Date "2024.03.19"]
[Round "1"]
[White "maurovargas01"]
[Black "Statham_01"]
[Result "0-1"]
[WhiteElo "1818"]
[BlackElo "2574"]
[TimeControl "180+1"]
[EndTime "14:05:10 PDT"]
[Termination "Statham_01 won by checkmate"]

1. e4 c5 2. Nc3 Nc6 3. f4 g6 4.
Nf3 Bg7 5. Bc4 e6 6. d3 Nge7 7.
a4 d5 8. Bb3 O-O 9. e5 a6 10.
O-O Nf5 11. g4 Nfd4 12. Nxd4 Nxd4 13. Ba2 f6 14. exf6 Qxf6 15. g5 Qf5 16. Bd2 Bd7 17. Rb1 Bc6 18. b4 b6 19. b5 axb5 20. axb5 Bb7 21. Bb3 c4 22. dxc4 dxc4 23. Bxc4 Qh3 24. Rf2 Nf3+ 25. Rxf3 Bd4+ 26. Be3 Bxe3+ 27. Kh1 Bxf3+ 28.
Qxf3 Qxf3# 0-1

[Event "Late-Titled-Tuesday-Blitz-March-19-2024"]
[Site "Chess.com"]
[Date "2024.03.19"]
[Round "1"]
[White "ArmanGhevondyanchess"]
[Black "expii"]
[Result "1-0"]
[WhiteElo "2602"]
[BlackElo "2191"]
[TimeControl "180+1"]
[EndTime "14:05:12 PDT"]
[Termination "ArmanGhevondyanchess won by resignation"]

1. Nf3 d5 2. g3 c5 3. Bg2 Nf6 4. O-O e6 5. d4 c4 6. b3 b5 7. a4 cxb3 8. axb5 bxc2 9. Qxc2 Bd7 10.
Nc3 Be7 11. Ne5 O-O 12. e4 a6 13. exd5 exd5 14. Nxd5 Nxd5 15. Bxd5 Ra7 16. Qb3 Be6 17.
Bxe6 fxe6 18. Qxe6+ Kh8 19. Nf7+ Rxf7 20. Qxf7 1-0

[Event "Late-Titled-Tuesday-Blitz-March-19-2024"]
[Site "Chess.com"]
[Date "2024.03.19"]
[Round "1"]
[White "NoSpaghettiForYou"]
[Black "Mikhail_Golubev"]
[Result "0-1"]
[WhiteElo "2412"]
[BlackElo "2733"]
[TimeControl "180+1"]
[EndTime "14:05:15 PDT"]
[Termination "Mikhail_Golubev won by resignation"]

1. e4 c5 2. Nf3 Nc6 3. Bb5 d6 4. Bxc6+ bxc6 5. e5 dxe5 6. Nxe5 Qd5 7. Nf3 Bg4 8. Nc3 Bxf3 9. Qxf3 Qxf3 10. gxf3 Nf6 11. f4 Nd5 12. d3 Nxc3 13. bxc3 Rb8 14. Be3 e6 15. Kd2 Bd6 16. Rhg1 g6 17. h4 Ke7 18.
Rg5 h6 19. Rgg1 Kf6 20. Rab1 Kf5 21. Ke2 Bxf4 22. Bxc5 a6 23. Rb3 Rb5 24. c4 Rxc5 0-1

[Event "Late-Titled-Tuesday-Blitz-March-19-2024"]
[Site "Chess.com"]
[Date "2024.03.19"]
[Round "1"]
[White "GMKrikor"]
[Black "Redzishchess"]
[Result "1-0"]
[WhiteElo "2826"]
[BlackElo "2491"]
[TimeControl "180+1"]
[EndTime "14:05:16 PDT"]
[Termination "GMKrikor won by resignation"]

1. Nf3 b6 2. c4 Bb7 3. Nc3 Nf6 4. d4 e6 5. e3 Bb4 6. Bd2 O-O 7. Bd3 Bxc3 8. Bxc3 Ne4 9. Bxe4 Bxe4 10. d5 d6 11. Qd4 e5 12. Qxe4 f5 13. Qh4 Qe8 14. Ng5 Qg6 15. Ne6 Rc8 16. O-O Nd7 17. f4 b5 18. Rf3 Qf7 19. fxe5 dxe5 20. Raf1 g6 21. e4 h6 22. Qxh6 f4 23. Rxf4 Qf5 1-0

[Event "Late-Titled-Tuesday-Blitz-March-19-2024"]
[Site "Chess.com"]
[Date "2024.03.19"]
[Round "1"]
[White "ViralduS"]
[Black "norwaytoadog"]
[Result "1-0"]
[WhiteElo "2656"]
[BlackElo "2333"]
[TimeControl "180+1"]
[EndTime "14:05:18 PDT"]
[Termination "ViralduS won on time"]

1. e4 c5 2. Nf3 Nc6 3. d4 cxd4 4.
Nxd4 e5 5. Nb5 d6 6. c4 Be6 7. Be2 g6 8. O-O Bg7 9. Be3 Bf8 10. N5c3 Nf6 11. Nd2 Bg7 12. Nb3 a6 13. f3 O-O 14.
Qd2 Rc8 15. Rfd1 Ne8 16. Rac1 f5 17. c5 dxc5 18. Nxc5 Qxd2 19. Rxd2 Bf7 20. Nxb7 Nd4 21. Bxa6 Ra8 22. Bf1 Bxa2 23. Nxa2 Kh8 24. Bc4 Ra7 25. Nc5 Nd6 26. Bd5 Rc8 27. Nd3 Rxc1+ 28. Ndxc1 N6b5 29. Bc4 Rc7 30. Bxb5 Nxb5 31. Rd8+ 1-0

[Event "Late-Titled-Tuesday-Blitz-March-19-2024"]
[Site "Chess.com"]
[Date "2024.03.19"]
[Round "1"]
[White "dropstoneDP"]
[Black "best926"]
[Result "1/2-1/2"]
[WhiteElo "2980"]
[BlackElo "2549"]
[TimeControl "180+1"]
[EndTime "14:05:19 PDT"]
[Termination "Game drawn by repetition"]

1. e4 e5 2. Nf3 Nc6 3. Bc4 Nf6 4. d3 h6 5. a3 a5 6. Nc3 Bc5 7. Be3 Bxe3 8. fxe3 d6 9. O-O O-O 10. Qe1 Be6 11.
Bxe6 fxe6 12. h3 Qe8 13. Nb5 Rf7 14. c4 a4 15. Rc1 Na5 16. Nd2 Qd7 17. Nc3 b6 18. Qd1 Nb7 19. d4 exd4 20. exd4 e5 21. dxe5 dxe5 22. Nd5 Nxd5 23. Rxf7 Qxf7 24. cxd5 Nc5 25.
Qe2 Qg6 26. Rf1 Rf8 27. Rxf8+ Kxf8 28. Qf3+ Kg8 29. Qc3 Qg5 30. Nf3 Nxe4 31. Qxc7 Qe3+ 32. Kh2 Qf4+ 33. Kg1 Qe3+ 34. Kh2 Qf4+ 35. Kg1 Qe3+ 1/2-1/2

[Event "Late-Titled-Tuesday-Blitz-March-19-2024"]
[Site "Chess.com"]
[Date "2024.03.19"]
[Round "1"]
[White "secretsuperstar7"]
[Black "cassoulet"]
[Result "1-0"]
[WhiteElo "2493"]
[BlackElo "2791"]
[TimeControl "180+1"]
[EndTime "14:05:19 PDT"]
[Termination "secretsuperstar7 won by resignation"]

1. c4 Nf6 2. Nc3 g6 3. g3 Bg7 4. Bg2 O-O 5. Nf3 d6 6. O-O Nbd7 7. d3 a6 8. Rb1 c5 9. a3 Ne8 10. Qc2 Nc7 11. b4 cxb4 12. axb4 Rb8 13. Be3 Ne6 14. d4 b6 15. d5 Nc7 16. Nd4 Qe8 17. Nc6 Ra8 18.
Na4 b5 19. Nb6 Nxb6 20. Bxb6 Qd7 21. c5 dxc5 22. bxc5 Re8 23. d6 exd6 24. cxd6 Qxd6 25. Rfd1 Bf5 26. e4 Bxe4 27. Bxe4 Qe6 28. Bg2 Rac8 29.
Na7 Na8 30. Nxc8 Rxc8 31. Rd8+ Rxd8 32. Bxd8 Nb6 33. Qc6 Qf5 34. Be4 Qe5 1-0

[Event "Late-Titled-Tuesday-Blitz-March-19-2024"]
[Site "Chess.com"]
[Date "2024.03.19"]
[Round "1"]
[White "Mops_2004"]
[Black "Smiechu"]
[Result "1-0"]
[WhiteElo "2746"]
[BlackElo "2428"]
[TimeControl "180+1"]
[EndTime "14:05:20 PDT"]
[Termination "Mops_2004 won by resignation"]

1. e4 c5 2. Nf3 g6 3. c4 Nc6 4. d4 cxd4 5. Nxd4 Nf6 6. Nc3 Nxd4 7. Qxd4 d6 8. Be2 Bg7 9. Be3 O-O 10. Qd3 Qa5 11. O-O Be6 12. Bd4 Rfc8 13. b3 a6 14. f4 Bd7 15. e5 Bf5 16. Qe3 dxe5 17. fxe5 Ng4 18. Bxg4 Bxg4 19. Nd5 Re8 20. Bb6 Qa3 21. Nc7 Rac8 22. Nxe8 Rxe8 23. Rf2 Be6 24. h3 Qb4 25. a3 Bh6 26. axb4 Bxe3 27. Bxe3 1-0

[Event "Late-Titled-Tuesday-Blitz-March-19-2024"]
[Site "Chess.com"]
[Date "2024.03.19"]
[Round "1"]
[White "KVAIDAN"]
[Black "IMchanged"]
[Result "0-1"]
[WhiteElo "2316"]
[BlackElo "2652"]
[TimeControl "180+1"]
[EndTime "14:05:21 PDT"]
[Termination "IMchanged won by resignation"]

1. f4 e5 2. e4 exf4 3. Nf3 d6 4. d4 g5 5. h4 g4 6. Ng1 Qf6 7. Nc3 c6 8. Nge2 Bh6 9. e5 dxe5 10. Ne4 Qg6 11. N2c3 f5 12. h5 Qg7 13. Nd6+ Kd8 14. dxe5 Qxe5+ 15. Be2 Kc7 16. Nf7 Qf6 17. Nxh6 Qxh6 18.
Bxf4+ Qxf4 19. Qd3 Nf6 20. Rf1 Qe5 21. O-O-O Be6 22. Rfe1 Nbd7 23. Bxg4 Qf4+ 24. Kb1 fxg4 25. Rxe6 Rhe8 26. Rd6 Nc5 27. Nb5+ cxb5 28. Qc3 Qxd6 29. Rxd6 Ne4 30. Rd4 Nxc3+ 31. bxc3 Re1+ 0-1

[Event "Late-Titled-Tuesday-Blitz-March-19-2024"]
[Site "Chess.com"]
[Date "2024.03.19"]
[Round "1"]
[White "Firouzja2003"]
[Black "colegiodemadrid"]
[Result "1-0"]
[WhiteElo "3101"]
[BlackElo "2560"]
[TimeControl "180+1"]
[EndTime "14:05:22 PDT"]
[Termination "Firouzja2003 won by resignation"]

1. Nf3 Nf6 2. g3 g6 3. b3 Bg7 4. Bb2 c5 5. c4 d6 6. Bg2 O-O 7. O-O e5 8. d3 Nc6 9. Nc3 Bg4 10. h3 Bf5 11. e3 Qc8 12. Kh2 h5 13. Rc1 Re8 14. Nd5 Nxd5 15. cxd5 Nb4 16. e4 Bd7 17. a3 Na6 18. b4 b6 19. Nd2 Nc7 20. Nc4 Bf8 21. f4 f6 22. fxe5 fxe5 23. Rf6 Kg7 24.
Rxf8 Rxf8 25. Nxd6 Qd8 26. Bxe5+ Kh7 27. bxc5 bxc5 28. Rxc5 Na6 29. Rc1 h4 30. d4 hxg3+ 31. Bxg3 Qg5 32. e5 Bf5 33. Rc6 Nb8 34. Rc7+ Kg8 35. e6 Na6 36. Nf7 Qe3 37. Rc6 Rab8 38.
Bxb8 Rxb8 39. Qc1 Qxd4 40. Rc8+ 1-0

[Event "Late-Titled-Tuesday-Blitz-March-19-2024"]
[Site "Chess.com"]
[Date "2024.03.19"]
[Round "1"]
[White "malakismayil"]
[Black "Sargsyan_Shant"]
[Result "0-1"]
[WhiteElo "2525"]
[BlackElo "2930"]
[TimeControl "180+1"]
[EndTime "14:05:29 PDT"]
[Termination "Sargsyan_Shant won on time"]

1. e4 g6 2. d4 Nf6 3. Nc3 d5 4. e5 Ne4 5. Nxe4 dxe4 6. Ne2 Bg7 7. Ng3 c5 8. Bb5+ Bd7 9. Bxd7+ Qxd7 10. c3 cxd4 11.
cxd4 Nc6 12. Be3 Rd8 13. Nxe4 Nxd4 14. Nd6+ exd6 15. Qxd4 Bxe5 16. Qxa7 Bxb2 17. Rb1 Qb5 18. Qb6 Bc3+ 19. Kd1 Qd3+ 20. Kc1 O-O 21. Rd1 Qf5 22. Rb5 d5 23. Qxb7 Rc8 24. Qxd5 Bd4+ 25. Kd2 Bxe3+ 26. Kxe3 Rfe8+ 27. Kd4 Qc2 0-1

[Event "Late-Titled-Tuesday-Blitz-March-19-2024"]
[Site "Chess.com"]
[Date "2024.03.19"]
[Round "1"]
[White "Thjop"]
[Black "Cluke86"]
[Result "1-0"]
[WhiteElo "2653"]
[BlackElo "2317"]
[TimeControl "180+1"]
[EndTime "14:05:30 PDT"]
[Termination "Thjop won by resignation"]

1. d4 Nf6 2. g3 d6 3. Bg2 g6 4. e4 e5 5. Ne2 Bg7 6. h3 c6 7. Nbc3 Nbd7 8. O-O O-O 9. a4 a5 10. Re1 Re8 11. Be3 Qc7 12. Qd2 exd4 13. Bxd4 Nc5 14. Bxc5 dxc5 15. Rad1 Be6 16. Qd6 Qxd6 17. Rxd6 Rad8 18.
Red1 Rxd6 19. Rxd6 Kf8 20. f4 Ke7 21. Rd2 Rd8 22.
Rxd8 Kxd8 23. Kf2 Bc4 24. b3 Bxe2 25. Nxe2 Kc7 26. Ke3 b5 27. g4 Nd7 28. e5 Nb6 29.
Nc3 b4 30. Ne4 c4 31. Ng5 cxb3 32. cxb3 c5 33. Bf1 Nd5+ 34. Kf3 Bh6 35. Nxf7 Bxf4 36. Bc4 Nb6 37. Kxf4 Nxc4 38. bxc4 b3 39. Nd6 b2 40.
Nb5+ Kd7 41. Nc3 Ke6 42. Ke4 g5 43. Nb1 1-0

[Event "Late-Titled-Tuesday-Blitz-March-19-2024"]
[Site "Chess.com"]
[Date "2024.03.19"]
[Round "1"]
[White "Bastiandash"]
[Black "campochess"]
[Result "1-0"]
[WhiteElo "2605"]
[BlackElo "2202"]
[TimeControl "180+1"]
[EndTime "14:05:30 PDT"]
[Termination "Bastiandash won by resignation"]

1. e4 c5 2. b3 e6 3. Bb2 Nf6 4. e5 Nd5 5. Nc3 Nxc3 6. Bxc3 Nc6 7. Bd3 Qc7 8. Qe2 Be7 9. Nf3 O-O 10. h4 f5 11.
exf6 Bxf6 12. Bxh7+ Kxh7 13. Ng5+ Kg8 14. Qh5 Bxg5 15.
hxg5 Qf4 16. O-O-O Nd4 17. Rh4 Qf5 18. Bxd4 cxd4 19. Rdh1 e5 20. g6 Qxh5 21. Rxh5 1-0

[Event "Late-Titled-Tuesday-Blitz-March-19-2024"]
[Site "Chess.com"]
[Date "2024.03.19"]
[Round "1"]
[White "DamianoLew95"]
[Black "NovakRatko"]
[Result "1-0"]
[WhiteElo "2728"]
[BlackElo "2411"]
[TimeControl "180+1"]
[EndTime "14:05:31 PDT"]
[Termination "DamianoLew95 won by resignation"]

1. e4 d5 2. d3 dxe4 3. dxe4 Qxd1+ 4. Kxd1 f5 5. Nc3 fxe4 6. Nxe4 Nf6 7. Ng3 e5 8. Bd3 Nc6 9. c3 Be6 10. Kc2 O-O-O 11.
f3 Bc5 12. Bf5 Bxf5+ 13. Nxf5 g6 14. Ng3 h5 15. Bg5 Rhf8 16. Bxf6 Rxf6 17. Ne4 Be7 18. Nxf6 Bxf6 19. Rd1 Re8 20. Nh3 e4 21. fxe4 Rxe4 22. Rhe1 Rg4 23. g3 b6 24. Re6 Rc4 25. Rxf6 b5 26.
Nf4 Nb4+ 27. Kb1 1-0

[Event "Late-Titled-Tuesday-Blitz-March-19-2024"]
[Site "Chess.com"]
[Date "2024.03.19"]
[Round "1"]
[White "Harsha_Bharathakoti"]
[Black "dennisodessa"]
[Result "1-0"]
[WhiteElo "2940"]
[BlackElo "2529"]
[TimeControl "180+1"]
[EndTime "14:05:35 PDT"]
[Termination "Harsha_Bharathakoti won by resignation"]

1. Nf3 Nf6 2. c4 e6 3. Nc3 Bb4 4. g4 d5 5. g5 Ne4 6. h4 O-O 7. Qc2 Nxc3 8. bxc3 Be7 9. e3 b6 10.
Bd3 g6 11. h5 Kg7 12. Bb2 Ba6 13. cxd5 Bxd3 14. c4+ Kg8 15. Qc3 f6 16. Qxd3 Qe8 17.
hxg6 Qxg6 18. Qxg6+ hxg6 19. dxe6 Na6 20. Ke2 Nc5 21.
Rh6 Kg7 22. Rah1 1-0

[Event "Late-Titled-Tuesday-Blitz-March-19-2024"]
[Site "Chess.com"]
[Date "2024.03.19"]
[Round "1"]
[White "bubeliang"]
[Black "Ticoluis"]
[Result "0-1"]
[WhiteElo "2791"]
[BlackElo "2515"]
[TimeControl "180+1"]
[EndTime "14:05:40 PDT"]
[Termination "Ticoluis won by checkmate"]

1. d4 Nf6 2. Nc3 d5 3. Bf4 a6 4. e3 e6 5. Nf3 c5 6. Ne5 Nbd7 7.
dxc5 Bxc5 8. Bd3 Nxe5 9. Bxe5 O-O 10. Qf3 Nd7 11. Bd4 Bxd4 12. exd4 b5 13. O-O Bb7 14. Ne2 Qg5 15. c3 e5 16. dxe5 Nxe5 17. Qh3 Nxd3 18.
Qxd3 d4 19. Qg3 Qxg3 20. hxg3 dxc3 21. Nxc3 Rfe8 22. Rfe1 f6 23. a3 Kf7 24. f3 Rad8 25. Rxe8 Kxe8 26. Re1+ Kf7 27. Re2 Bc6 28. Kf2 a5 29. Ne4 Bxe4 30. fxe4 Ke6 31. Rc2 Rd3 32. Rc6+ Kf7 33. Rc2 Rb3 34. g4 Ke6 35. Kg1 Ke5 36.
Rc7 g5 37. Rxh7 Rxb2 38. Ra7 a4 39. Ra6 Rb3 40. Rb6 Kxe4 41. Kf2 Kf4 42. Rxf6+ Kxg4 43. Rb6 Kf4 44. Ke2 Kg3 45. Kf1 g4 46. Rb7 Rb1+ 47. Ke2 Kxg2 48. Ke3 g3 49. Rb6 Rb3+ 50. Ke2 Kh2 51.
Rh6+ Kg1 52. Rb6 g2 53. Rb7 Rh3 54. Rxb5 Kh2 55. Rg5 g1=Q 56. Rxg1 Kxg1 57. Ke1 Rxa3 58.
Kd2 Rb3 59. Kd1 Rb8 60. Kd2 a3 61. Kd1 a2 62. Kc2 a1=Q 63. Kd3 Qe5 64. Kc4 Rc8+ 65. Kb4 Qc5+ 66. Ka4 Ra8+ 67. Kb3 Ra3+ 68. Kb2 Qc3+ 69.
Kb1 Ra1# 0-1

[Event "Late-Titled-Tuesday-Blitz-March-19-2024"]
[Site "Chess.com"]
[Date "2024.03.19"]
[Round "1"]
[White "kikoveiga"]
[Black "GHANDEEVAM2003"]
[Result "0-1"]
[WhiteElo "2545"]
[BlackElo "3042"]
[TimeControl "180+1"]
[EndTime "14:05:42 PDT"]
[Termination "GHANDEEVAM2003 won by resignation"]

1. e4 a6 2. d4 g6 3. Nc3 Bg7 4. Be3 d6 5. Qd2 Nd7 6. O-O-O b5 7. Bd3 c5 8. dxc5 dxc5 9. f4 c4 10. Be2 b4 11. Nd5 c3 12. Qd3 Bb7 13. b3 Bxd5 14. Qxd5 Ngf6 15. Qd3 Qa5 16. Kb1 O-O 17. e5 Nc5 18. Bxc5 Rfd8 19. Qe3 Nd5 20. Rxd5 Rxd5 21. Bxe7 Re8 22. Bh4 Rd2 23. Nf3 Qa3 0-1

[Event "Late-Titled-Tuesday-Blitz-March-19-2024"]
[Site "Chess.com"]
[Date "2024.03.19"]
[Round "1"]
[White "HonzaVykouk"]
[Black "tolimachess"]
[Result "1-0"]
[WhiteElo "2768"]
[BlackElo "2457"]
[TimeControl "180+1"]
[EndTime "14:05:42 PDT"]
[Termination "HonzaVykouk won by resignation"]

1. c4 g6 2. Nc3 Bg7 3. d4 Nf6 4. e4 d6 5. Nf3 O-O 6. Be2 e5 7. O-O Nc6 8. d5 Ne7 9. b4 a5 10.
Ba3 axb4 11. Bxb4 b6 12. a4 Nd7 13. a5 h6 14. axb6 Rxa1 15. Qxa1 Nxb6 16. c5 dxc5 17. Bxc5 Bg4 18. Qa3 Nbc8 19. Rb1 f5 20. Rb8 fxe4 21.
Nxe4 Bf5 22. d6 cxd6 23. Nxd6 Qc7 24. Rb7 Qc6 25. Bb5 Qd5 26. Bc4 Nxd6 27. Bxd5+ Nxd5 28. Bxd6 e4 29. Rxg7+ Kxg7 30. Bxf8+ Kf7 31. Nd4 Bd7 32. Qd6 Nf6 33. Qe7+ 1-0